[Event "Team 45 45 League T67"]
[Site "Internet Chess Club"]
[Date "2015.12.21"]
[Round "3"]
[White "ausya"]
[Black "Otelo"]
[Result "0-1"]
[WhiteElo "1683"]
[BlackElo "1809"]
[Opening "Sicilian: Alapin's variation (2.c3)"]
[ECO "B22"]
[Time "21:03:52"]
[TimeControl "2700+45"]

1. e4 c5 2. c3 Nf6 3. e5 Nd5 4. d4 cxd4 5. cxd4 e6 6. Nf3 d6 7. Nc3 Nxc3 8. bxc3
dxe5 9. Nxe5 Nd7 10. Bb5 a6 11. Qa4 Rb8 12. Bxd7+ Bxd7 13. Qb3 Bd6 14. Bf4 O-O
15. Nxf7 Rxf7 16. Bxd6 Rc8 17. Be5 Bb5 18. Rc1 Bc4 19. Qa3 Qh4 20. Rc2 Qe4+ 21.
Kd1 Qxg2 22. Re1 Rxf2 23. Qb2 Rcf8 24. Bg3 Qf3+ 25. Kc1 Rf1 26. Qb4 Qe3+ 27. Kb2
Rxe1 28. Bxe1 Bd3 29. Bd2 Qe2 30. c4 Bxc2 31. Kxc2 Qe4+ 32. Kb3 Qb1+ 33. Ka3
Rf3+ 34. Bc3 Qc2 35. Qe7 Rxc3+ 36. Kb4 Rxc4+ 37. Ka5 b6+ 38. Kxb6 Qb2+ 39. Ka5
Qb5# {White checkmated} 0-1

[Event "Team 45 45 League T67"]
[Site "Internet Chess Club"]
[Date "2015.12.20"]
[Round "3"]
[White "G-force"]
[Black "lacibacsi"]
[Result "1-0"]
[WhiteElo "2149"]
[BlackElo "2062"]
[Opening "Caro-Kann: advance variation"]
[ECO "B12"]
[Time "15:06:15"]
[TimeControl "2700+45"]

1. e4 c6 2. d4 d5 3. e5 Bf5 4. Nf3 e6 5. Be2 Ne7 6. O-O c5 7. c4 Nbc6 8. dxc5 d4
9. Qb3 Qd7 10. Rd1 Ng6 11. Nc3 Ngxe5 12. Nxe5 Nxe5 13. Nb5 Nc6 14. Bf4 e5 15.
Bxe5 Nxe5 16. Rxd4 Qc6 17. Rd6 Bxd6 18. Nxd6+ Kf8 19. Nxf5 g6 20. Qe3 Qf6 21.
Nd6 Kg7 22. Rd1 Nc6 23. b3 Rad8 24. Bf3 Rd7 25. Bd5 Re7 26. Qd2 Rd8 27. b4 Nd4
28. g3 Ne2+ 29. Kg2 Nc3 30. Rc1 Nxd5 31. cxd5 Qe5 32. Qc3 b6 33. Qd2 h6 34. Rd1
h5 35. a3 Rxd6 36. cxd6 Qxd6 37. Qd4+ Qe5 38. Kf3 Qf6+ 39. Qxf6+ Kxf6 40. Rd4
Re5 41. d6 Re8 42. h4 Rd8 43. Kf4 Rd7 44. b5 Rd8 45. d7 Ke7 46. Kg5 Rxd7 47.
Rxd7+ Kxd7 48. Kf6 Ke8 49. f4 Kf8 50. f5 {Black resigns} 1-0

[Event "Team 45 45 League T67"]
[Site "Internet Chess Club"]
[Date "2015.12.22"]
[Round "3"]
[White "JJ12"]
[Black "jonesey"]
[Result "1-0"]
[WhiteElo "2104"]
[BlackElo "1965"]
[Opening "Ruy Lopez: Anderssen variation"]
[ECO "C77"]
[Time "15:01:14"]
[TimeControl "2700+45"]

1. e4 e5 2. Nf3 Nc6 3. Bb5 a6 4. Ba4 Nf6 5. d3 d6 6. O-O g6 7. c3 Bg7 8. Re1 O-O
9. Bg5 h6 10. Bh4 g5 11. Bg3 Bg4 12. Nbd2 Nd7 13. Nf1 f5 14. exf5 Rxf5 15. Qb3+
Rf7 16. Bxc6 bxc6 17. N1d2 Nc5 18. Qc2 Qd7 19. h3 Bf5 20. Re3 Nxd3 21. Qb3 Be6
22. Qc2 Nf4 23. Rd1 Raf8 24. Qa4 Bd5 25. Qxa6 Nxg2 26. Kxg2 g4 27. hxg4 Qxg4 28.
Qe2 e4 29. Nxe4 Rxf3 30. Rxd5 cxd5 31. Rxf3 Qxe4 32. Qxe4 dxe4 33. Rxf8+ Kxf8
34. Kh3 Ke7 35. Kg4 c5 36. Kf5 d5 37. Be5 Bf8 38. b3 Kd7 39. a4 Be7 40. c4 dxc4
41. bxc4 Bh4 42. Kxe4 Bxf2 43. Kd5 Kc8 44. Kc6 Be1 45. Bc7 Ba5 46. Bxa5 Kb8 47.
Be1 h5 48. Kxc5 {Black resigns} 1-0

[Event "Team 45 45 League T67"]
[Site "Internet Chess Club"]
[Date "2015.12.19"]
[Round "3"]
[White "fledermaus"]
[Black "The7thGuest"]
[Result "0-1"]
[WhiteElo "1868"]
[BlackElo "1961"]
[Opening "King's Indian: orthodox, Aronin-Taimanov, bayonet attack"]
[ECO "E97"]
[Time "08:06:34"]
[TimeControl "2700+45"]

1. Nf3 Nf6 2. c4 g6 3. Nc3 Bg7 4. e4 d6 5. d4 O-O 6. Be2 e5 7. O-O Nc6 8. d5 Ne7
9. b4 a5 10. Ba3 axb4 11. Bxb4 Nd7 12. Qb3 Nc5 13. Bxc5 dxc5 14. Rfd1 b6 15. Nb5
Bd7 16. Nxc7 Ba4 17. Qxb6 Bxd1 18. Bxd1 Nc8 19. Qxc5 Rb8 20. Nb5 Nb6 21. Bb3 Rc8
22. Qb4 Nd7 23. Na7 Rb8 24. Qd6 Nf6 25. Qxd8 Rbxd8 26. Nc6 Ra8 27. Nfxe5 Nxe4
28. Rd1 Nc3 29. Rd2 Ne4 30. Re2 Nc5 31. d6 Nxb3 32. f4 Nc5 33. d7 Bxe5 {White
resigns} 0-1

[Event "Team 45 45 League T67"]
[Site "Internet Chess Club"]
[Date "2015.12.19"]
[Round "3"]
[White "JPSVI"]
[Black "Sempigreen"]
[Result "1-0"]
[WhiteElo "1644"]
[BlackElo "1734"]
[Opening "Queen's pawn, Mason variation"]
[ECO "D00"]
[Time "18:09:38"]
[TimeControl "2700+45"]

1. d4 d5 2. Bf4 Bf5 3. c4 c6 4. Qb3 Bc8 5. e3 e6 6. Nf3 Nf6 7. Bd3 Nbd7 8. Nc3
a6 9. a4 Nh5 10. Bg3 Nxg3 11. hxg3 Be7 12. Rxh7 Rxh7 13. Bxh7 g6 14. Ke2 Kf8 15.
Rh1 Kg7 16. Qc2 Nf8 17. Bxg6 fxg6 18. Kf1 Bf6 19. e4 Kg8 20. e5 Bg7 21. Rh4 b6
22. Nh2 c5 23. Qd2 dxc4 24. Ne4 Bb7 25. Nd6 Bd5 26. Ng4 Qe7 27. dxc5 bxc5 28.
Qc2 Rb8 29. Kg1 a5 30. Qd2 Rb4 31. Nh6+ Bxh6 32. Qxh6 Qg7 33. Qg5 Rb8 34. Rh6
Bc6 35. Rh4 Rxb2 36. Rxc4 Nd7 37. Nc8 Bb7 38. Qd8+ Qf8 39. Ne7+ Kg7 40. Nf5+
gxf5 41. Qxd7+ Qf7 42. Qd8 Rb1+ 43. Kh2 Rb4 44. Qg5+ Kh7 45. Rxc5 Rxa4 46. f3
Rd4 47. Rxa5 Qg7 48. Qe3 Rb4 49. Ra1 Kg6 50. Qc3 Qf8 51. Rc1 Bd5 52. Kg1 Rc4 53.
Qe3 Ra4 54. Qb6 Qg7 55. Qe3 Ra2 56. Rf1 Qb7 57. Qd4 Qa7 58. Qxa7 Rxa7 59. Rc1
{Black forfeits on time} 1-0

[Event "Team 45 45 League T67"]
[Site "Internet Chess Club"]
[Date "2015.12.21"]
[Round "3"]
[White "CaoCao"]
[Black "santiagoelawad"]
[Result "1-0"]
[WhiteElo "1927"]
[BlackElo "2029"]
[Opening "Caro-Kann: Steinitz variation"]
[ECO "B17"]
[Time "20:30:28"]
[TimeControl "2700+45"]

1. e4 c6 2. d4 d5 3. Nc3 dxe4 4. Nxe4 Nd7 5. Nf3 Ngf6 6. Ng3 c5 7. Be2 e6 8. Bg5
Be7 9. O-O O-O 10. Re1 b6 11. Ne5 Bb7 12. Bf3 Bxf3 13. Qxf3 cxd4 14. Nc6 Qe8 15.
Nxe7+ Qxe7 16. Ne4 Rac8 17. Rad1 h6 18. Bh4 e5 19. Rxd4 exd4 20. Nxf6+ Qxf6 21.
Bxf6 Nxf6 22. Qd3 Rfe8 23. Rxe8+ Rxe8 24. Kf1 Rd8 25. c3 Ng4 26. cxd4 Nxh2+ 27.
Kg1 Ng4 28. f3 Nf6 29. Qa6 Rd7 30. d5 g6 31. d6 Kg7 32. Qd3 h5 33. Qd4 g5 34.
Qe5 Kg6 35. Kh2 Rd8 36. Kh3 Rd7 37. g4 hxg4+ 38. fxg4 Ne8 39. Qf5+ {Black
resigns} 1-0

[Event "Team 45 45 League T67"]
[Site "Internet Chess Club"]
[Date "2015.12.20"]
[Round "3"]
[White "primerpaso"]
[Black "achessman"]
[Result "1-0"]
[WhiteElo "1904"]
[BlackElo "1875"]
[Opening "English opening"]
[ECO "A13"]
[Time "21:37:22"]
[TimeControl "2700+45"]

1. c4 e6 2. Nc3 d5 3. cxd5 exd5 4. d4 c6 5. g3 Nf6 6. Bg2 Bf5 7. Nf3 Bd6 8. O-O
O-O 9. Ne5 Nbd7 10. Bf4 Qe7 11. Nd3 Rfe8 12. Bxd6 Qxd6 13. b4 Ne4 14. Rc1 Re7
15. Nc5 Nb6 16. N3xe4 dxe4 17. e3 Nd5 18. Qa4 b6 19. Nb3 Nxb4 20. a3 Nd3 21.
Qxc6 Qd8 22. Rcd1 Rc8 23. Qb5 Bg4 24. Rd2 Bd7 25. Qd5 Be6 26. Qxd8+ Rxd8 27. Nc1
Bc4 28. Bxe4 Nxf2 29. Bxh7+ Kxh7 30. Rfxf2 Rxe3 31. Ne2 Bxe2 32. Rdxe2 Rxe2 33.
Rxe2 Rxd4 34. Re7 Ra4 35. Rxf7 Rxa3 36. Rb7 Ra2 37. h3 Kh6 38. Kf1 g6 39. Kg1
Kg5 40. Kf1 Kf6 41. Kg1 Kf5 42. Kh1 g5 43. Kg1 Ra5 44. Kf2 b5 45. Ke3 Ra3+ 46.
Kf2 a6 47. Rf7+ Ke6 48. Rb7 Kf5 49. Rf7+ Kg6 50. Rb7 Ra4 51. Ke3 b4 52. h4 gxh4
53. gxh4 a5 54. Rb5 Ra3+ 55. Kd2 b3 56. Kc1 a4 57. Kb1 Ra2 58. Rg5+ Kh6 59. Rb5
Kg6 60. Kc1 Rc2+ 61. Kb1 Rc4 62. h5+ Kh6 63. Ka1 Rh4 64. Ra5 Rb4 65. Kb2 Rh4 66.
Ka3 Kg7 67. Ra6 Rb4 68. Rg6+ Kh7 69. Kxb4 b2 70. Rg1 a3 71. Kxa3 {Black resigns}
1-0

[Event "Team 45 45 League T67"]
[Site "Internet Chess Club"]
[Date "2015.12.17"]
[Round "3"]
[White "cityprosecutor"]
[Black "kabindra"]
[Result "1-0"]
[WhiteElo "1781"]
[BlackElo "1716"]
[Opening "Sicilian defense"]
[ECO "B20"]
[Time "19:00:34"]
[TimeControl "2700+45"]

1. e4 c5 2. d3 Nc6 3. g3 g6 4. f4 Bg7 5. Nf3 d6 6. Bg2 Nd4 7. c3 Nxf3+ 8. Qxf3
Nf6 9. h3 Rb8 10. a4 O-O 11. O-O Bd7 12. Na3 a6 13. Nc2 b5 14. axb5 axb5 15. Ne3
Qc8 16. g4 Bc6 17. h4 c4 18. g5 Nh5 19. f5 cxd3 20. Bh3 Qb7 21. Nd5 Bxd5 22.
exd5 b4 23. c4 Be5 24. Be3 Bxb2 25. Ra7 Qc8 26. fxg6 Qxc4 27. gxh7+ Kh8 28. Qxh5
d2 29. Rxe7 Be5 30. Rxe5 dxe5 31. g6 Qxd5 32. g7+ Kxg7 33. Qh6+ Kh8 34. Qf6+
Kxh7 35. Bf5+ Kg8 36. Qg5+ Kh8 37. Qh6+ {Black resigns} 1-0

[Event "Team 45 45 League T67"]
[Site "Internet Chess Club"]
[Date "2015.12.19"]
[Round "3"]
[White "Portola"]
[Black "Constrictor"]
[Result "1/2-1/2"]
[WhiteElo "1755"]
[BlackElo "1586"]
[Opening "Queen's pawn game"]
[ECO "A45"]
[Time "15:01:08"]
[TimeControl "2700+45"]

1. d4 Nf6 2. c3 d5 3. Nf3 Bf5 4. Bg5 e6 5. e3 Be7 6. h3 O-O 7. Nbd2 Nbd7 8. Be2
c5 9. O-O Ne4 10. Bf4 Ndf6 11. Ne5 Nxd2 12. Qxd2 Ne4 13. Qc1 f6 14. Nf3 Bd6 15.
Bxd6 Qxd6 16. Nh4 Bg6 17. Nxg6 hxg6 18. Bd3 f5 19. Bxe4 fxe4 20. dxc5 Qxc5 21.
Qd1 Rf5 22. Qg4 Qe7 23. Qe2 Raf8 24. Rad1 Qh4 25. Rd2 Rf3 26. Kh2 R8f5 27. g3
Qh6 28. Kg2 Rg5 29. Qb5 Qh4 30. Rh1 Rgxg3+ 31. Kf1 Rxh3 32. Rg1 Rhg3 33. Rxg3
Qxg3 34. Qe8+ Kh7 35. Qxe6 Qh2 36. Qg4 Rxe3 37. fxe3 Qxd2 38. Qh4+ Kg8 39. Qd8+
Kh7 40. Qh4+ Kg8 41. Qd8+ Kf7 42. Qd7+ Kf6 43. Qd6+ Kf5 44. Qf4+ Ke6 45. Qg4+
Kf6 46. Qf4+ Ke6 {Game drawn by mutual agreement} 1/2-1/2

[Event "Team 45 45 League T67"]
[Site "Internet Chess Club"]
[Date "2015.12.20"]
[Round "3"]
[White "swagnik"]
[Black "SlimeDog2"]
[Result "0-1"]
[WhiteElo "1870"]
[BlackElo "2033"]
[Opening "Giuoco Piano: four knights variation"]
[ECO "C50"]
[Time "17:19:08"]
[TimeControl "2700+45"]

1. e4 e5 2. Nf3 Nc6 3. Bc4 Bc5 4. Nc3 Nf6 5. O-O d6 6. d3 Na5 7. Bb3 Nxb3 8.
axb3 a6 9. Bg5 h6 10. Bd2 O-O 11. h3 Re8 12. Nh2 d5 13. Kh1 dxe4 14. dxe4 Be6
15. f4 exf4 16. Bxf4 Qe7 17. Qe2 Rad8 18. Rad1 Bd4 19. e5 Bxc3 20. bxc3 Rxd1 21.
Rxd1 Nd5 22. Bd2 Qh4 23. Nf3 Qh5 24. c4 Ne7 25. Be1 Nc6 26. Bc3 Bg4 27. Rd5 Ne7
28. Rd3 Ng6 29. Re3 Nf4 30. Qf2 g5 31. Nh2 Bd7 32. Qf3 Qg6 33. Qe4 Qxe4 34. Rxe4
Bc6 35. Re1 Nxg2 36. Rc1 Nf4+ 37. Kg1 Ne2+ 38. Kf1 Nxc1 39. Ng4 Re6 40. Ke1 Na2
41. Bd2 Bf3 42. c3 Bxg4 43. hxg4 Rxe5+ 44. Kd1 Re4 45. Kc2 Re2 46. Kd3 Rxd2+ 47.
Kxd2 Nxc3 48. Kxc3 f5 49. gxf5 g4 50. Kd2 h5 51. Ke2 h4 52. Kf2 h3 53. Kg3 b5
54. cxb5 axb5 55. b4 Kf7 56. Kh2 Kf6 57. Kg3 Kxf5 58. Kh2 c5 59. bxc5 b4 60. c6
Ke6 61. c7 Kd7 62. c8=Q+ Kxc8 63. Kg3 b3 64. Kh2 b2 65. Kg3 b1=R 66. Kh2 g3+ 67.
Kxg3 h2 68. Kxh2 Rb3 69. Kg2 Kd7 70. Kf2 Ke6 71. Ke2 Ke5 72. Kd2 Ke4 73. Ke2
Rb2+ 74. Kf1 Ke3 75. Kg1 Kf3 76. Kf1 Rb1# {White checkmated} 0-1

[Event "Team 45 45 League T67"]
[Site "Internet Chess Club"]
[Date "2015.12.19"]
[Round "3"]
[White "sharky123"]
[Black "sockbuf"]
[Result "1/2-1/2"]
[WhiteElo "1808"]
[BlackElo "1779"]
[Opening "French: Winawer, advance variation"]
[ECO "C18"]
[Time "18:30:15"]
[TimeControl "2700+45"]

1. e4 e6 2. d4 d5 3. Nc3 Bb4 4. e5 c5 5. a3 Bxc3+ 6. bxc3 Qa5 7. Bd2 Qa4 8. Qb1
c4 9. Nf3 Ne7 10. Be2 Nbc6 11. Bg5 O-O 12. Ra2 h6 13. Bxe7 Nxe7 14. Qb4 Qe8 15.
O-O Nc6 16. Qb5 Nxe5 17. Qxe8 Nxf3+ 18. Bxf3 Rxe8 19. Re1 Kf8 20. Rb2 Rb8 21.
Reb1 b6 22. a4 Bd7 23. a5 b5 24. Re1 {Game drawn by mutual agreement} 1/2-1/2

[Event "Team 45 45 League T67"]
[Site "Internet Chess Club"]
[Date "2015.12.19"]
[Round "3"]
[White "rusano"]
[Black "Innes"]
[Result "1-0"]
[WhiteElo "1707"]
[BlackElo "1562"]
[Opening "QGD Slav: 4.Nc3"]
[ECO "D15"]
[Time "17:02:02"]
[TimeControl "2700+45"]

1. d4 d5 2. c4 c6 3. Nf3 Nf6 4. Nc3 a6 5. Bg5 e6 6. e3 Be7 7. Bd3 Nbd7 8. Qc2 h6
9. Bh4 b5 10. c5 O-O 11. O-O Ne8 12. Bg3 f5 13. Ne2 Nef6 14. Nf4 Nb8 15. Ng6 Re8
16. Nfe5 Ne4 17. Rae1 Bf6 18. b4 a5 19. a3 Bb7 20. Bxe4 dxe4 21. f4 Nd7 22. Qb3
Nxe5 23. fxe5 Bg5 24. h4 Kh7 25. hxg5 Kxg6 26. gxh6 gxh6 27. Kf2 Qd5 28. Qxd5
exd5 29. Rh1 axb4 30. axb4 Ra2+ 31. Re2 Rxe2+ 32. Kxe2 Bc8 33. Ra1 Be6 34. Ra6
Rc8 35. Ra7 h5 36. Bh4 Bf7 37. Kf2 Re8 38. Kg3 Re6 39. Kf4 Be8 40. g3 Bf7 41.
Ra8 Be8 42. Bf6 Kh6 43. Kxf5 Rxf6+ 44. Kxf6 {Black resigns} 1-0

[Event "Team 45 45 League T67"]
[Site "Internet Chess Club"]
[Date "2015.12.17"]
[Round "3"]
[White "Bizzy-Ketty"]
[Black "giantwood"]
[Result "1-0"]
[WhiteElo "1654"]
[BlackElo "1449"]
[Opening "Sicilian: Alapin's variation (2.c3)"]
[ECO "B22"]
[Time "19:00:57"]
[TimeControl "2700+45"]

1. e4 c5 2. c3 Nc6 3. d4 d6 4. f4 e6 5. Nf3 g6 6. Be2 Bg7 7. O-O Nge7 8. Be3 O-O
9. Nbd2 b6 10. Nc4 Bb7 11. Bd3 Qc7 12. Qe1 cxd4 13. cxd4 Ba6 14. Rc1 d5 15. exd5
exd5 16. Nce5 f6 17. Nxc6 Bxd3 18. Nb4 Bc4 19. b3 a5 20. Nxd5 Nxd5 21. Rxc4 Qd6
22. Qc1 Nxe3 23. Qxe3 Rfe8 24. Qd2 Bh6 25. g3 Re7 26. Re1 Rxe1+ 27. Qxe1 Qd5 28.
Qe2 Rd8 29. Kf2 Qh5 30. Rc7 g5 31. Qe7 Bf8 32. Qxd8 Qh6 33. fxg5 fxg5 34. Kg2 g4
35. Ng5 {Black resigns} 1-0

[Event "Team 45 45 League T67"]
[Site "Internet Chess Club"]
[Date "2015.12.20"]
[Round "3"]
[White "karthikkallam"]
[Black "Sparkle"]
[Result "1-0"]
[WhiteElo "1332"]
[BlackElo "1392"]
[Opening "Hungarian defense"]
[ECO "C50"]
[Time "14:00:29"]
[TimeControl "2700+45"]

1. e4 e5 2. Nf3 Nc6 3. Bc4 Be7 4. d4 d6 5. Nc3 Bg4 6. d5 Nd4 7. Be3 Nxf3+ 8.
gxf3 Bh5 9. Bb5+ Kf8 10. Qe2 Bg5 11. Rg1 h6 12. Bxg5 hxg5 13. O-O-O Qf6 14. Rg3
Ne7 15. Bd7 Ng6 16. Rdg1 a6 17. Bg4 Bxg4 18. Rxg4 Rxh2 19. Rxg5 Qf4+ 20. Qe3 Qh4
21. R5g4 Qxf2 22. Qxf2 Rxf2 23. Rh1 Rxf3 24. Rxg6 fxg6 25. Rh8+ Ke7 26. Rxa8
Rf1+ 27. Kd2 Rf2+ 28. Ne2 g5 29. Rh8 g4 30. Rh4 Rg2 31. Ke3 Kf6 32. Rh5 g6 33.
Rh1 Kg5 34. Rg1 Rxg1 35. Nxg1 g3 36. Kf3 g2 37. Nh3+ Kh4 38. Ng1 g5 39. Kxg2 Kg4
40. Nh3 c6 41. c4 c5 42. b3 b5 43. a3 b4 44. axb4 cxb4 45. c5 dxc5 46. d6 c4 47.
d7 cxb3 48. d8=Q b2 49. Qd1+ Kh4 50. Qb1 g4 51. Nf2 a5 52. Qxb2 g3 53. Qxe5 gxf2
54. Qg3+ Kh5 55. Qxf2 b3 56. e5 a4 57. e6 a3 58. e7 b2 59. e8=Q+ Kg4 60. Qg8+
Kh5 61. Qf5+ Kh4 62. Qh3# {Black checkmated} 1-0

[Event "Team 45 45 League T67"]
[Site "Internet Chess Club"]
[Date "2015.12.19"]
[Round "3"]
[White "DineshB"]
[Black "Striker3000"]
[Result "1-0"]
[WhiteElo "1245"]
[BlackElo "1453"]
[Opening "Sicilian: Kan, 5.Nc3"]
[ECO "B43"]
[Time "20:01:10"]
[TimeControl "2700+45"]

1. e4 c5 2. Nf3 e6 3. d4 cxd4 4. Nxd4 a6 5. Nc3 Qc7 6. Be3 Bb4 7. Ne2 Nf6 8. a3
Bxc3+ 9. Nxc3 b5 10. Bd3 Bb7 11. O-O O-O 12. Bg5 Qe5 13. f4 Qc5+ 14. Kh1 Ne8 15.
e5 h6 16. Ne4 Bxe4 17. Bxe4 Ra7 18. b4 Qe3 19. Re1 Qb6 20. Be7 Qc7 21. a4 f5 22.
Bxf8 Kxf8 23. Bd3 bxa4 24. Rxa4 Qc6 25. b5 Qb6 26. bxa6 Nxa6 27. Qa1 Nec7 28.
Qa3+ Ke8 29. Ra1 Kd8 30. Qf8+ Ne8 31. Bxa6 Rxa6 32. Rxa6 Qd4 33. Ra8+ Kc7 34.
Qxe8 Kb7 35. Qc8+ Kb6 36. Rb8# {Black checkmated} 1-0

[Event "Team 45 45 League T67"]
[Site "Internet Chess Club"]
[Date "2015.12.18"]
[Round "3"]
[White "princevultan2"]
[Black "chessmaster5132"]
[Result "1-0"]
[WhiteElo "1206"]
[BlackElo "1234"]
[Opening "Ruy Lopez: Bird's defense"]
[ECO "C61"]
[Time "19:00:34"]
[TimeControl "2700+45"]

1. e4 e5 2. Nf3 Nc6 3. Bb5 Nd4 4. Nxd4 exd4 5. d3 Qg5 6. Bxg5 Bd6 7. Bc4 f6 8.
Bd2 Ne7 9. c3 Nc6 10. Qh5+ g6 11. Qe2 b6 12. O-O Bb7 13. f4 O-O-O 14. f5 Be5 15.
Bf4 dxc3 16. bxc3 Bd6 17. Bxd6 cxd6 18. fxg6 hxg6 19. Rxf6 g5 20. Rg6 Ne5 21.
Rxg5 Nxc4 22. dxc4 Rhf8 23. Nd2 Rg8 24. Rxg8 Rxg8 25. Rf1 Re8 26. Rf5 Bc6 27.
Qf3 b5 28. Rf8 Rxf8 29. Qxf8+ Kb7 30. Qxd6 bxc4 31. h4 Bxe4 32. Nxe4 Kc8 33. h5
a5 34. h6 a4 35. Nc5 a3 36. h7 Kd8 37. h8=Q# {Black checkmated} 1-0

[Event "Team 45 45 League T67"]
[Site "Internet Chess Club"]
[Date "2015.12.20"]
[Round "3"]
[White "unclevinny"]
[Black "Mitochondria"]
[Result "1-0"]
[WhiteElo "1593"]
[BlackElo "1498"]
[Opening "French: Tarrasch, open variation"]
[ECO "C07"]
[Time "14:15:19"]
[TimeControl "2700+45"]

1. e4 e6 2. d4 d5 3. Nd2 c5 4. c3 cxd4 5. cxd4 Nf6 6. e5 Nfd7 7. Ngf3 Nc6 8. a3
Qb6 9. Nb3 Be7 10. Be2 O-O 11. O-O f6 12. exf6 Nxf6 13. Be3 Bd7 14. Ne5 Rac8 15.
Nxd7 Nxd7 16. Bg4 Rf6 17. Rc1 Nf8 18. Qd3 Bd6 19. Rc2 Qc7 20. g3 Be7 21. Rfc1 h6
22. Bd2 Qd7 23. Nc5 Bxc5 24. Rxc5 Nh7 25. b4 Rcf8 26. f3 Qe7 27. b5 Nd8 28. Rc7
Qe8 29. Bf4 Rxf4 30. gxf4 Rxf4 31. a4 Nf6 32. Re1 Nxg4 33. fxg4 Rxg4+ 34. Kh1
Qh5 35. Rc8 Qg5 36. Rf1 g6 37. Qf3 Qf5 38. Rxd8+ Kf7 39. Qxf5+ exf5 40. Rd7+ Ke6
41. Rxb7 Rxd4 42. Rxa7 Rb4 43. Re1+ Kf6 44. Ra6+ Kg5 45. b6 d4 46. Rd1 f4 47.
Ra5+ Kg4 48. Rb5 Rxa4 49. b7 f3 50. b8=Q {Black resigns} 1-0

[Event "Team 45 45 League T67"]
[Site "Internet Chess Club"]
[Date "2015.12.18"]
[Round "3"]
[White "Zyme"]
[Black "KidRattler"]
[Result "1-0"]
[WhiteElo "1371"]
[BlackElo "1682"]
[Opening "Budapest defense"]
[ECO "A52"]
[Time "10:57:46"]
[TimeControl "2700+45"]

1. d4 Nf6 2. c4 e5 3. dxe5 Ng4 4. Nc3 Nc6 5. e3 Ngxe5 6. Nf3 Bc5 7. Be2 d6 8.
O-O Be6 9. b3 Qe7 10. Bb2 O-O-O 11. Nd5 Bxd5 12. cxd5 Nxf3+ 13. Bxf3 Ne5 14. Be2
f6 15. Qc2 h5 16. a3 Kb8 17. b4 Bb6 18. a4 a6 19. a5 Ba7 20. b5 axb5 21. Bxb5
Ng4 22. Qb3 Bxe3 23. Bc6 Bb6 24. axb6 Rd7 25. Ra8+ Kxa8 26. Qa4+ Kb8 27. Qa7+
Kc8 28. Qa8# {Black checkmated} 1-0

[Event "Team 45 45 League T67"]
[Site "Internet Chess Club"]
[Date "2015.12.19"]
[Round "3"]
[White "Just-Jim"]
[Black "AlPearson"]
[Result "1-0"]
[WhiteElo "1326"]
[BlackElo "1433"]
[Opening "Canard opening"]
[ECO "A45"]
[Time "11:02:24"]
[TimeControl "2700+45"]

1. d4 Nf6 2. f4 g6 3. c3 Bg7 4. e3 O-O 5. Nd2 d6 6. Be2 Bf5 7. Ngf3 c5 8. O-O
Nc6 9. Nb3 cxd4 10. Nbxd4 Bd7 11. Bc4 Na5 12. Bd3 Rc8 13. b4 Nc4 14. Qb3 b5 15.
e4 Qb6 16. Kh1 e5 17. fxe5 dxe5 18. Nc2 Be6 19. Bxc4 Bxc4 20. Be3 Bxb3 21. Bxb6
Bxc2 22. Bc5 Rfd8 23. Nxe5 Bxe4 24. Be7 Rd5 25. Bxf6 Bxf6 26. Ng4 Bxc3 27. Rac1
Rdd8 28. Rxc3 Rxc3 29. Nf6+ Kg7 30. Nxe4 Rc2 31. Ng5 f5 32. Ne6+ Kf6 33. Nxd8
Rxa2 34. Nc6 a6 35. h3 Ke6 36. Re1+ Kd5 37. Na5 Rb2 38. Rd1+ Ke4 39. Nc6 Ke3 40.
Rd7 Rb1+ 41. Kh2 Kf2 42. Rd2+ Kf1 43. Ra2 f4 44. Rxa6 Rb2 45. Ra1+ Kf2 46. Ne5
Re2 47. Nd3+ Ke3 48. Ne1 Rb2 49. h4 Kf2 50. Nd3+ Ke3 51. Nxb2 f3 52. gxf3 Kxf3
53. Kh3 h5 54. Ra6 Ke4 55. Rxg6 Kd4 56. Rg5 Kc3 57. Rxb5 Kxb2 58. Rxh5 Kb3 59.
b5 Kc4 60. b6 Kd4 61. b7 Ke4 62. b8=Q Kd4 63. Qb4+ Kd3 64. Rg5 Ke3 65. Rg3+ Ke2
66. Qb2+ Kf1 67. Kh2 Ke1 68. Rg1# {Black checkmated} 1-0

[Event "Team 45 45 League T67"]
[Site "Internet Chess Club"]
[Date "2015.12.20"]
[Round "3"]
[White "chuckh2"]
[Black "rookfish"]
[Result "1-0"]
[WhiteElo "1405"]
[BlackElo "1365"]
[Opening "Queen's pawn, Mason variation"]
[ECO "D00"]
[Time "12:01:30"]
[TimeControl "2700+45"]

1. d4 d5 2. Bf4 Bf5 3. Nf3 Nf6 4. e3 Nc6 5. c4 e6 6. Nc3 Bb4 7. a3 Bxc3+ 8. bxc3
Ne4 9. Rc1 O-O 10. Ne5 Ne7 11. f3 Nf6 12. g4 Be4 13. fxe4 Nxe4 14. cxd5 Nxd5 15.
c4 Qh4+ 16. Ke2 Ndc3+ 17. Kd3 Nxd1 18. Rxd1 Nf2+ 19. Kc2 Nxh1 20. Bg2 Nf2 21.
Bg3 Qh6 22. Bxf2 Qxh2 23. Rg1 f6 24. Nf3 Qd6 25. c5 Qd5 26. Kb2 a5 27. Nd2 Qd7
28. Nc4 Qb5+ 29. Kc3 e5 30. Bd5+ Kh8 31. Bg3 exd4+ 32. exd4 a4 33. Nb2 c6 34.
Bc4 Qa5+ 35. Kc2 Rad8 36. Bd6 Rfe8 37. Rd1 b5 38. Bd3 Re1 39. Rd2 b4 40. Nc4 b3+
41. Kb2 Qa6 42. Nb6 Qa5 43. Nc4 Qa7 44. Bg3 Rg1 45. Bf2 Rxg4 46. Bf5 Rf4 47. Bh3
g5 48. Bg2 Qa6 49. Nd6 Rxf2 50. Rxf2 Rd7 51. Bf1 Qa5 52. Re2 Kg7 53. Bh3 Rd8 54.
Re7+ Kg6 55. Bf5+ Kh5 56. Rxh7# {Black checkmated} 1-0

[Event "Team 45 45 League T67"]
[Site "Internet Chess Club"]
[Date "2015.12.22"]
[Round "3"]
[White "QuieroAprender"]
[Black "houseofcook"]
[Result "1-0"]
[WhiteElo "1629"]
[BlackElo "1404"]
[Opening "French defense, Steiner variation"]
[ECO "C00"]
[Time "14:03:36"]
[TimeControl "2700+45"]

1. e4 e6 2. c4 d5 3. exd5 exd5 4. cxd5 Qxd5 5. Nc3 Qe6+ 6. Be2 Nf6 7. Nf3 Be7 8.
O-O O-O 9. Ng5 Qd7 10. Bb5 c6 11. Bc4 h6 12. Nf3 Qc7 13. d3 Bg4 14. h3 Bxf3 15.
Qxf3 Nbd7 16. Be3 Bd6 17. Bb3 Rae8 18. Ne4 Nxe4 19. dxe4 Ne5 20. Qf5 Qd7 21.
Qxd7 Nxd7 22. Rfd1 Bc5 23. Rxd7 Bxe3 24. fxe3 Rxe4 25. Rxb7 Rxe3 26. Rf1 Kh7 27.
Bxf7 Rd8 28. Rf2 Rd1+ 29. Kh2 Ree1 30. Rxa7 Rh1+ 31. Kg3 Rd3+ 32. Rf3 Rd2 33.
Bc4 Rg1 34. Rf2 Rdd1 35. Rff7 {Black resigns} 1-0

[Event "Team 45 45 League T67"]
[Site "Internet Chess Club"]
[Date "2015.12.18"]
[Round "3"]
[White "harabas007"]
[Black "drsigmund1"]
[Result "0-1"]
[WhiteElo "1430"]
[BlackElo "1519"]
[Opening "French: Winawer, advance variation"]
[ECO "C16"]
[Time "06:32:20"]
[TimeControl "2700+45"]

1. e4 e6 2. d4 d5 3. Nc3 Bb4 4. e5 Ne7 5. Qg4 c5 6. a3 Qa5 7. Bd2 Nbc6 8. Bb5
O-O 9. Bxc6 Nxc6 10. Bh6 Bxc3+ 11. Kf1 g6 12. Bxf8 Qb5+ 13. Qe2 Qxb2 14. Rd1
Nxd4 15. Qe3 Kxf8 16. Ne2 Ba5 17. Qh6+ Kg8 18. h4 Qxc2 19. Rxd4 cxd4 20. h5 Qd1#
{White checkmated} 0-1

[Event "Team 45 45 League T67"]
[Site "Internet Chess Club"]
[Date "2015.12.18"]
[Round "3"]
[White "Andressa"]
[Black "smsxman"]
[Result "0-1"]
[WhiteElo "1400"]
[BlackElo "1388"]
[Opening "Hungarian defense"]
[ECO "C50"]
[Time "11:19:12"]
[TimeControl "2700+45"]

1. e4 e5 2. Nf3 Nc6 3. Bc4 Be7 4. O-O Nf6 5. Nc3 Nxe4 6. Bxf7+ Kxf7 7. Nxe4 Rf8
8. d3 Kg8 9. d4 d6 10. dxe5 d5 11. Nc3 d4 12. Nxd4 Qxd4 13. Qxd4 Nxd4 14. Nd5
Bc5 15. Be3 Ne2+ 16. Kh1 Bxe3 17. fxe3 Bg4 18. Nxc7 Rac8 19. Nd5 Rf7 20. Rxf7
Kxf7 21. Rf1+ Ke6 22. Nb4 a5 23. Nd3 Rxc2 24. Re1 b6 25. h3 Bf5 26. Rxe2 Bxd3
27. Rxc2 Bxc2 28. Kg1 Kxe5 29. Kf2 b5 30. a3 g6 31. Ke2 h5 32. Kf3 a4 33. g4 h4
34. Ke2 g5 35. Kf3 Bb3 36. Ke2 Ke4 37. Kf2 Bc4 {White resigns} 0-1